 Dungeon Crawl Stone Soup version 0.26.1-15-g04117e645d (webtiles) character file.

Game seed: 2881388884114311309

7983 Froggeryz the Slicer (level 11, -5/75 HPs)
             Began as an Octopode Brigand on Mar 5, 2022.
             Was an Initiate of Gozag.
             Slain by an unseen horror (9 damage)
             ... on level 10 of the Dungeon.
             The game lasted 00:17:37 (12218 turns).

Froggeryz the Slicer (Octopode Brigand)            Turns: 12218, Time: 00:17:38

Health: -5/75      AC:  3    Str: 11    XL:     11   Next: 23%
Magic:  18/18      EV: 16    Int: 13    God:    Gozag
Gold:   1229       SH:  5    Dex: 17    Spells: 18/20 levels left

rFire    . . .     SeeInvis .   g - +1 short sword (speed)
rCold    . . .     Faith    .   e - +0 buckler
rNeg     . . .     Spirit   .   l - +2 hat
rPois    .         Reflect  .   A - amulet of the acrobat
rElec    .         Harm     .   E - ring of flight
rCorr    .         Rampage  .   (no ring)
Will     .....                  (no ring)
Stlth    ++++......             (no ring)
HPRegen  0.22/turn              (no ring)
MPRegen  0.16/turn              (no ring)
                                (no ring)
                                (no ring)

@: no status effects
A: almost no armour, stealthy swim, amphibious, 8 rings, constrict 8, camouflage
1, gelatinous body 1
a: Renounce Religion, Evoke Flight, Potion Petition, Call Merchant, Bribe Branch


You were on level 10 of the Dungeon.
You worshipped Gozag.
Gozag was most pleased with you.
You visited 2 branches of the dungeon, and saw 11 of its levels.
You also visited: Ossuary.

You collected 1691 gold pieces.
You spent 142 gold pieces at shops.
You paid 320 gold pieces to Gozag.

Inventory:

Hand Weapons
 g - a +1 short sword of speed (weapon)
Missiles
 b - 5 poisoned darts (quivered)
 c - a curare-tipped dart
 r - 38 boomerangs
 L - 7 javelins
Armour
 e - a +0 buckler (worn)
 l - a +2 hat (worn)
Jewellery
 a - an uncursed ring of ice
 A - an amulet of the acrobat (around mantle)
 B - an uncursed ring of ice
 E - a ring of flight (left tentacle)
Wands
 s - a wand of flame (6)
 v - a wand of digging (4)
 D - a wand of enslavement (2)
 G - a wand of random effects (19)
 H - a wand of paralysis (4)
 K - a wand of acid (10)
 N - a wand of polymorph (14)
Scrolls
 d - 3 scrolls of magic mapping
 h - a scroll of enchant weapon
 i - 2 scrolls of immolation
 o - 3 scrolls of teleportation
 u - 2 scrolls of enchant armour {unknown}
 x - 4 scrolls of remove curse
 y - 2 scrolls of amnesia {unknown}
 C - a scroll of blinking
 I - a scroll of fog {unknown}
 J - a scroll of fear {unknown}
 M - a scroll of identify
Potions
 f - 2 potions of haste {unknown}
 j - 2 potions of berserk rage
 k - 3 potions of flight
 m - 2 potions of attraction
 n - 2 potions of might {unknown}
 p - a potion of curing
 q - 2 potions of invisibility
 t - a potion of lignification {unknown}
 w - 2 potions of ambrosia
 z - 2 potions of mutation {unknown}
 F - 2 potions of heal wounds {unknown}


   Skills:
 - Level 7.5 Fighting
 - Level 10.0 Short Blades
 + Level 6.1 Throwing
 - Level 5.0 Dodging
 - Level 5.3 Stealth
 - Level 4.0 Shields
 + Level 5.1 Spellcasting
 + Level 5.6 Translocations


You had 18 spell levels left.
You knew the following spells:

 Your Spells              Type           Power        Failure   Level
a - Blink                 Tloc           N/A          2%          2

Your spell library contained the following spells:

 Spells                   Type           Power        Failure   Level
 Apportation              Tloc           36%          1%          1
 Gell's Gravitas          Tloc           9%           5%          3
 Animate Skeleton         Necr           6%           19%         1
 Corona                   Hex            3%           19%         1
 Magic Dart               Conj           12%          19%         1
 Summon Small Mammal      Summ           12%          19%         1
 Call Imp                 Summ           3%           28%         2
 Slow                     Hex            3%           28%         2
 Confusing Touch          Hex            3%           50%         3
 Conjure Flame            Conj/Fire      3%           50%         3
 Ignite Poison            Fire/Tmut/Pois 3%           50%         3
 Mephitic Cloud           Conj/Pois/Air  3%           50%         3
 Petrify                  Tmut/Erth      3%           88%         4
 Fireball                 Conj/Fire      1%           99%         5
 Metabolic Englaciation   Hex/Ice        1%           99%         5
 Yara's Violent Unravell  Hex/Tmut       1%           99%         5
 Starburst                Conj/Fire      1%           100%        6
 Ignition                 Fire           1%           100%        8


Dungeon Overview and Level Annotations

Branches:
Dungeon (10/15)            Temple (1/1) D:4             Orc (0/2) D:9
Ossuary (visited)
   Lair: D:8-11

Altars:
Ashenzari
Cheibriados
Dithmenos
Elyvilon
Fedhas
Gozag
Hepliaklqana
Kikubaaqudgha
Makhleb
Nemelex Xobeh
Okawaru
Qazlal
Ru
Sif Muna
Trog
Uskayaw
Vehumet
Wu Jian
Xom
Yredelemnul
Zin
The Shining One

Shops:
D:4 [   D:7 :   D:8 ?

Annotations:
D:4 2 transporters, Xye's ghost, novice HOFi
D:7 exclusion: door
D:10 2 transporters, Blodwynpig's ghost, journeyman MiBe


Innate Abilities, Weirdness & Mutations

You cannot wear most types of armour.
You are very stealthy in the water. (Stealth+)
You are amphibious.
You can wear up to eight rings at the same time.
You can use your tentacles to constrict eight enemies at once.
Your skin changes colour to match your surroundings (Stealth+).
Your rubbery body absorbs attacks. (AC +1, EV +1)


Message History

Something hits you.
* * * LOW HITPOINT WARNING * * *
You feel better. Something hits you.
* * * LOW HITPOINT WARNING * * *
Something misses you. Something hits you but does no damage.
Something closely misses you. Something hits you.
* * * LOW HITPOINT WARNING * * *
You feel better. Something hits you.
* * * LOW HITPOINT WARNING * * *
Something barely misses you.
Okay, then.
Okay, then.
Okay, then.
You feel better. Something hits you!
* * * LOW HITPOINT WARNING * * *
Something hits you!
You die...
Your body crumbles into a pile of gold.

........#..^# ....#
#.########.#...#
#..........#...####..
#....................
...###....#..#.####.
#.##.#.........
#.##.##.#..###.
#.##.##.#....#
#@##.##.# ...#
..#####.##.##.# ...#
........##....# ..#
...############ ..# $


There were no monsters in sight!

Vanquished Creatures
  A queen ant (D:8)
  A cyclops (D:9)
  A rime drake (D:8)
  2 trolls
  A hornet (D:8)
  A steam dragon (D:6)
  4 soldier ants (D:8)
  Duvessa (D:4)
  A water moccasin (D:9)
  A sky beast (D:6)
  3 phantoms
  5 orc warriors
  4 ice beasts
  6 ogres
  4 centaurs
  A big kobold (D:7)
  4 bullfrogs
  A gnoll sergeant (D:8)
  Dowan (D:4)
  7 scorpions
  3 killer bees (D:8)
  6 wights
  2 electric eels (D:9)
  A quasit (D:5)
  2 centaur zombies (Ossuary)
  A human zombie (Ossuary)
  A centaur skeleton (D:5)
  3 orc priests
  A bullfrog skeleton (D:6)
  3 hounds
  A jelly (D:6)
  16 orc wizards
  Crazy Yiuf (D:5)
  Natasha (thrice) (D:2)
  8 iguanas
  15 worker ants
  3 big kobold zombies (Ossuary)
  2 mummies (Ossuary)
  A worker ant zombie (D:10)
  A howler monkey zombie (D:5)
  13 adders
  5 gnolls
  2 howler monkey skeletons
  2 shadow imps (D:9)
  2 ufetubi
  2 oozes
  An adder zombie (D:9)
  5 worms
  2 dart slugs
  8 leopard geckos
  28 orcs
  10 giant cockroaches
  10 hobgoblins
  7 jackals
  7 quokkas
  10 bats
  5 frilled lizards
  A gnoll zombie (Ossuary)
  7 goblins
  3 goblin zombies (Ossuary)
  2 hobgoblin zombies (Ossuary)
  12 kobolds
  A leopard gecko zombie (D:7)
  2 orc zombies (Ossuary)
  10 rats
281 creatures vanquished.

Vanquished Creatures (collateral kills)
  An ice beast (D:7)
  2 killer bees (D:8)
  A worker ant (D:8)
  A kobold (D:7)
5 creatures vanquished.

Vanquished Creatures (others)
  A soldier ant (D:8)
  A killer bee (D:8)
  7 plants (D:4)
9 creatures vanquished.

Grand Total: 295 creatures vanquished

Notes
Turn   | Place    | Note
-------+----------+-------------------------------------------
     0 | D:1      | Froggeryz the Octopode Brigand began the quest for the Orb.
     0 | D:1      | Reached XP level 1. HP: 14/14 MP: 1/1
   170 | D:1      | Reached XP level 2. HP: 17/19 MP: 2/2
   473 | D:1      | Reached skill level 3 in Short Blades
   520 | D:1      | Reached XP level 3. HP: 24/24 MP: 3/3
   580 | D:1      | Reached skill level 1 in Shields
  1066 | D:2      | Reached XP level 4. HP: 29/29 MP: 4/4
  1451 | D:2      | Noticed Natasha
  1458 | D:2      | Reached skill level 4 in Short Blades
  1478 | D:2      | Killed Natasha
  1506 | D:2      | Noticed Natasha
  1507 | D:2      | Reached XP level 5. HP: 34/34 MP: 5/5
  1521 | D:2      | Killed Natasha
  1630 | D:2      | Found a stormy altar of Qazlal.
  1632 | D:2      | Noticed an air elemental
  1633 | D:2      | Noticed a fire elemental
  1633 | D:2      | Noticed a water elemental
  1834 | D:2      | Noticed Natasha
  1845 | D:2      | Killed Natasha
  2050 | D:3      | Reached skill level 5 in Short Blades
  2107 | D:3      | Noticed an ogre
  2116 | D:3      | Killed an ogre
  2117 | D:3      | Reached XP level 6. HP: 29/39 MP: 6/6
  2765 | D:4      | Found a staircase to the Ecumenical Temple.
  2782 | Temple   | Entered the Ecumenical Temple
  2881 | D:4      | Found a transporter.
  2888 | D:4      | Found a transporter.
  2888 | D:4      | Noticed Xye's ghost (novice HOFi)
  3003 | D:4      | Found Xoxu's Armour Shoppe.
  3287 | D:4      | Noticed Dowan
  3288 | D:4      | Noticed Duvessa
  3434 | D:4      | Killed Dowan
  3435 | D:4      | Reached skill level 6 in Short Blades
  3435 | D:4      | Reached XP level 7. HP: 45/45 MP: 7/7
  3588 | D:4      | Killed Duvessa
  3757 | D:5      | Entered Level 5 of the Dungeon
  4065 | D:5      | Reached skill level 7 in Short Blades
  4405 | D:5      | Reached XP level 8. HP: 35/52 MP: 8/8
  5078 | D:5      | Found an iron altar of Okawaru.
  5078 | D:5      | Found a bloodstained altar of Trog.
  5246 | D:5      | Found a runed translucent door.
  5247 | D:5      | Noticed Crazy Yiuf
  5313 | D:5      | Killed Crazy Yiuf
  5314 | D:5      | Reached skill level 8 in Short Blades
  5722 | D:6      | Found a sand-covered staircase.
  5728 | Ossuary  | Entered an ossuary
  6233 | D:6      | HP: 2/81 [centaur (4)]
  6537 | D:6      | Reached skill level 9 in Short Blades
  6577 | D:6      | Found a snail-covered altar of Cheibriados.
  6718 | D:6      | Found an opulent altar of Gozag.
  6719 | D:6      | You fall into a shaft and drop 3 floors!
  6736 | D:9      | Reached XP level 9. HP: 60/60 MP: 9/9
  6767 | D:9      | Reached skill level 5 in Fighting
  6780 | D:9      | Noticed a cyclops
  6793 | D:9      | Killed a cyclops
  6794 | D:9      | Reached skill level 10 in Short Blades
  7460 | D:7      | Found a hide-covered altar of Uskayaw.
  7460 | D:7      | Found a sparkling altar of Nemelex Xobeh.
  7461 | D:7      | Found a shadowy altar of Dithmenos.
  7492 | D:7      | Found Muts's Book Boutique.
  7878 | D:6      | Became a worshipper of Gozag Ym Sagoz the Greedy
  7959 | D:6      | Found a glowing silver altar of Zin.
  8519 | D:7      | Found a shadowy altar of Dithmenos.
  8523 | D:7      | Reached XP level 10. HP: 71/71 MP: 10/10
  8682 | D:7      | Reached skill level 5 in Dodging
  8732 | D:7      | Learned a level 2 spell: Blink
  8966 | D:8      | Reached skill level 1 in Spellcasting
  8966 | D:8      | Reached skill level 1 in Translocations
  9730 | D:8      | Noticed a queen ant
  9937 | D:8      | Killed a queen ant
 10015 | D:8      | Reached skill level 5 in Throwing
 10315 | D:8      | Found Kyuvveli's Magic Scroll Shop.
 10319 | D:8      | Bought a scroll of blinking for 112 gold pieces
 10322 | D:8      | Bought a scroll of identify for 30 gold pieces
 10390 | D:8      | Reached XP level 11. HP: 75/75 MP: 17/17
 10666 | D:9      | Found a staircase to the Orcish Mines.
 10844 | D:9      | Reached skill level 5 in Translocations
 11449 | D:10     | Entered Level 10 of the Dungeon
 11454 | D:10     | Noticed a two-headed ogre
 11457 | D:10     | Noticed a two-headed ogre
 11457 | D:10     | Noticed a two-headed ogre
 11459 | D:10     | Identified the +7 hand axe "Hiplag" {antimagic, *Slow rElec
                  | rPois rF+++ Stlth+}
 11459 | D:10     | Noticed a tengu warrior
 11471 | D:10     | Found a bloodstained altar of Trog.
 11479 | D:10     | Found a transporter.
 11484 | D:10     | Found a transporter.
 11485 | D:10     | Noticed Blodwynpig's ghost (journeyman MiBe)
 11498 | D:10     | Noticed a moth of wrath
 11895 | D:10     | Reached skill level 5 in Spellcasting
 12218 | D:10     | Slain by an unseen horror

Illustrated notes

Levels and vault maps discovered:
D:1:      nicolae_arrival_memento_mori, layout_loops_ring,
          serial_park_tiny_pond, grunt_decor_cap
D:2:      layout_loops_corners, nicolae_qazlal_style_of_elements,
          solitary_fountain, uniq_natasha
D:3:      layout_rooms
D:4:      cheibrodos_old_hovel, layout_basic, minmay_temple_entry_arrows,
          serial_shops, nicolae_shop_stone, gammafunk_ghost_arena, uniq_duvessa
D:5:      layout_basic, grunt_temple_overflow_bloody_war, st_stairs_10,
          dk_noncrumbling_4, minmay_crossroads, uniq_crazy_yiuf_cottage
D:6:      layout_basic, grunt_temple_overflow_open, zin_treasury,
          enter_ossuary_5
D:7:      layout_rooms, gammafunk_temple_overflow_claw, serial_shops, shop,
          grunt_dithmenos_shadows
D:8:      layout_loops_ring, serial_shops, shop, minmay_another_anthill
D:9:      cheibrodos_helix_gallery, layout_rooms, david_orc_2, lightli_minifort
D:10:     layout_basic, gammafunk_ghost_wrathful_warriors,
          dk_yredelemnul_ordeal, uniq_snorg
Temple:   dshaligram_water_room_temple

Skill      XL: |  1  2  3  4  5  6  7  8  9 10 11 |
---------------+----------------------------------+-----
Short Blades   | 3 4 5 6 7 9 10 | 10.0
Shields        | 1 2 3 4 |  4.0
Fighting       | 3 4 7 |  7.5
Dodging        | 4 5 |  5.0
Spellcasting   | 4 5 |  5.1
Translocations | 4 5 |  5.6
Throwing       | 5 6 |  6.1
Stealth        | |  5.3

Action                   |  1- 3 |  4- 6 |  7- 9 | 10-12 || total
-------------------------+-------+-------+-------+-------++-------
Melee: Dagger            |    13 |       |       |       ||    13
       Constrict         |    13 |    27 |    66 |    64 ||   170
       Short sword       |    44 |   141 |   396 |   438 ||  1019
       Tentacles         |     5 |    35 |   103 |    97 ||   240
Throw: Dart              |       |       |    13 |    24 ||    37
Evoke: Wand              |       |       |     7 |     4 ||    11
  Use: Scroll            |       |     3 |     4 |     4 ||    11
       Potion            |       |       |     2 |     4 ||     6
 Stab: Sleeping          |    13 |    18 |    19 |    18 ||    68
       Betrayed ally     |       |       |     1 |       ||     1
       Distracted        |       |       |       |     5 ||     5
Armor: Skin              |     3 |     8 |    27 |    15 ||    53
Dodge: Dodged            |    18 |    41 |   132 |   137 ||   328
Block: Buckler           |       |       |    49 |    42 ||    91
